MLB
WASHINGTON NATIONALS @ BALTIMORE ORIOLES
05/30/2018
 
TOP OF THE 1ST
Washington Nationals batting - Pitching for Baltimore Orioles : RHP Jeff Hoffman
Pitching: RHP Jeff Hoffman
Batting: LHB Joe Panik 0-0: Called Strike
0-1: Ball
1-1: Ball
2-1: Foul Ball, location: 2F
2-2: Strikes out swinging
Batting: LHB Andrew Benintendi 0-0: Ball
1-0: Called Strike
1-1: Called Strike
1-2: SINGLE (Flyball, 9LS)
Batting: RHB Marcell Ozuna 0-0: Ball
1-0: Ball
Wild Pitch!
Andrew Benintendi to second
2-0: Ball
3-0: Called Strike
3-1: Foul Ball, location: 2F
3-2: Foul Ball, location: 2F
3-2: Foul Ball, location: 2F
3-2: Fly out, F7 (Flyball, 78S)
Batting: RHB Yulieski Gurriel 0-0: Called Strike
0-1: Ground out 3-1 (Groundball, 34)
Top of the 1st over - 0 runs, 1 hit, 0 errors, 1 left on base; Washington 0 - Baltimore 0
BOTTOM OF THE 1ST
Baltimore Orioles batting - Pitching for Washington Nationals : RHP Yu Darvish
Pitching: RHP Yu Darvish
Batting: SHB Dexter Fowler 0-0: Foul Ball, location: 2F
0-1: Ball
1-1: DOUBLE (Line Drive, 9LD)
Batting: LHB Nomar Mazara 0-0: Ball
1-0: Called Strike
1-1: Ball
2-1: Ground out 4-3 (Groundball, 4M)
Dexter Fowler to third
Batting: LHB Rafael Devers 0-0: Called Strike
0-1: Swinging Strike
0-2: Strikes out swinging
Batting: SHB Jorge Polanco 0-0: Ball
1-0: Ball
2-0: Ground out 4-3 (Groundball, 4)
Bottom of the 1st over - 0 runs, 1 hit, 0 errors, 1 left on base; Washington 0 - Baltimore 0
TOP OF THE 2ND
Washington Nationals batting - Pitching for Baltimore Orioles : RHP Jeff Hoffman
Batting: LHB Yonder Alonso 0-0: Ball
1-0: Ball
2-0: Ball
3-0: Called Strike
3-1: Base on Balls
Batting: RHB Chris Taylor 0-0: Ball
1-0: Foul Ball, location: 2F
1-1: Swinging Strike
1-2: Strikes out swinging
Batting: RHB Tyler Flowers 0-0: Ball
1-0: Ball
2-0: Called Strike
2-1: Foul Ball, location: 2F
2-2: Foul Ball, location: 2F
2-2: Ball
3-2: Fly out, F8 (Flyball, 8LS)
Batting: RHB Steve Pearce 0-0: Ball
1-0: Foul Ball, location: 2F
1-1: Ball
2-1: Fly out, F6 (Line Drive, 6)
Top of the 2nd over - 0 runs, 0 hits, 0 errors, 1 left on base; Washington 0 - Baltimore 0
BOTTOM OF THE 2ND
Baltimore Orioles batting - Pitching for Washington Nationals : RHP Yu Darvish
Batting: LHB Derek Fisher 0-0: Called Strike
0-1: Ball
1-1: Foul Ball, location: 2F
1-2: Foul Ball, location: 2F
1-2: Ball
2-2: Ball
3-2: Foul Ball, location: 2F
3-2: Foul Ball, location: 2F
3-2: Strikes out looking
Batting: RHB Albert Almora 0-0: Bunt for hit to P - play at first, batter safe!
Batting: SHB Chase Headley 0-0: Called Strike
0-1: Ball
1-1: Foul Ball, location: 2F
1-2: Ball
2-2: Ball
3-2: Base on Balls
Albert Almora to second
Batting: SHB Johan Camargo 0-0: Ball
1-0: SINGLE (Line Drive, 89S)
Albert Almora to third
Chase Headley to second
Runner from 3rd tries for Home, SAFE, throw by RF to home
Batting: RHB Chris Stewart 0-0: Called Strike
0-1: Called Strike
0-2: Ball
1-2: Grounds into double play, 4-6-3 (Groundball, 4M)
Bottom of the 2nd over - 1 run, 2 hits, 0 errors, 1 left on base; Washington 0 - Baltimore 1
TOP OF THE 3RD
Washington Nationals batting - Pitching for Baltimore Orioles : RHP Jeff Hoffman
Batting: SHB Aaron Hicks 0-0: Ball
1-0: Called Strike
1-1: Foul Ball, location: 2F
1-2: Foul Ball, location: 2F
1-2: Ball
2-2: Foul Ball, location: 2F
2-2: Ball
3-2: Base on Balls
Batting: LHB Joe Panik 0-0: Called Strike
0-1: Ball
1-1: Called Strike
1-2: Ball
2-2: Ball
3-2: Strikes out looking
Batting: LHB Andrew Benintendi 0-0: Foul Ball, location: 2F
0-1: Ball
1-1: Foul Ball, location: 2F
1-2: Ball
2-2: Ball
3-2: Ground out 6-3 (Groundball, 6M)
Aaron Hicks to second
Batting: RHB Marcell Ozuna 0-0: Swinging Strike
0-1: Ball
1-1: Called Strike
1-2: Strikes out looking
Top of the 3rd over - 0 runs, 0 hits, 0 errors, 1 left on base; Washington 0 - Baltimore 1
BOTTOM OF THE 3RD
Baltimore Orioles batting - Pitching for Washington Nationals : RHP Yu Darvish
Batting: SHB Dexter Fowler 0-0: Ball
1-0: Foul Ball, location: 2F
1-1: Foul Ball, location: 2F
1-2: Ground out 4-3 (Groundball, 4)
Batting: LHB Nomar Mazara 0-0: Ball
1-0: Ball
2-0: Ball
3-0: Called Strike
3-1: Foul Ball, location: 2F
3-2: Foul Ball, location: 2F
3-2: Foul Ball, location: 2F
3-2: Foul Ball, location: 2F
3-2: Foul Ball, location: 2F
3-2: Strikes out swinging
Batting: LHB Rafael Devers 0-0: Ball
1-0: Called Strike
1-1: Ball
2-1: SINGLE (Line Drive, 78M)
Batting: SHB Jorge Polanco 0-0: Fly out, F7 (Flyball, 7S)
Bottom of the 3rd over - 0 runs, 1 hit, 0 errors, 1 left on base; Washington 0 - Baltimore 1
TOP OF THE 4TH
Washington Nationals batting - Pitching for Baltimore Orioles : RHP Jeff Hoffman
Batting: RHB Yulieski Gurriel 0-0: Ball
1-0: Ball
2-0: Ball
3-0: Called Strike
3-1: SINGLE (Groundball, 56D)
Batting: LHB Yonder Alonso 0-0: Swinging Strike
0-1: Foul Ball, location: 2F
0-2: Ball
1-2: Foul Ball, location: 2F
1-2: Fly out, F8 (Flyball, 89M)
Batting: RHB Chris Taylor 0-0: Ball
1-0: Called Strike
1-1: Ball
2-1: Fly out, F8 (Flyball, 78M)
Batting: RHB Tyler Flowers 0-0: Called Strike
Yulieski Gurriel steals 2nd base
0-1: Foul Ball, location: 2F
0-2: Ball
1-2: Ball
2-2: Ground out 6-3 (Groundball, 6)
Top of the 4th over - 0 runs, 1 hit, 0 errors, 1 left on base; Washington 0 - Baltimore 1
BOTTOM OF THE 4TH
Baltimore Orioles batting - Pitching for Washington Nationals : RHP Yu Darvish
Batting: LHB Derek Fisher 0-0: Called Strike
0-1: Foul Ball, location: 2F
0-2: Ball
1-2: Ball
2-2: Strikes out swinging
Batting: RHB Albert Almora 0-0: Foul Ball, location: 2F
0-1: Ball
1-1: Ball
2-1: DOUBLE (Flyball, 89D)
Batting: SHB Chase Headley 0-0: SINGLE (Line Drive, 89S)
Albert Almora to third
Runner from 3rd tries for Home, SAFE, no throw by RF
Batting: SHB Johan Camargo 0-0: Foul Ball, location: 2F
0-1: Foul Ball, location: 2F
0-2: Foul Ball, location: 2F
0-2: Strikes out swinging
Batting: RHB Chris Stewart 0-0: Ball
1-0: Ball
2-0: Called Strike
2-1: Ball
3-1: Base on Balls
Chase Headley to second
Batting: SHB Dexter Fowler 0-0: Ball
1-0: Ball
2-0: Foul Ball, location: 2F
2-1: Ball
3-1: Base on Balls
Chase Headley to third
Chris Stewart to second
Batting: LHB Nomar Mazara 0-0: Ball
1-0: Called Strike
1-1: Fly out, F7 (Flyball, 7S)
Bottom of the 4th over - 1 run, 2 hits, 0 errors, 3 left on base; Washington 0 - Baltimore 2
TOP OF THE 5TH
Washington Nationals batting - Pitching for Baltimore Orioles : RHP Jeff Hoffman
Batting: RHB Steve Pearce 0-0: Swinging Strike
0-1: SINGLE (Groundball, 6D)
Batting: SHB Aaron Hicks 0-0: Ball
1-0: Fly out, F9 (Flyball, 89D)
Batting: LHB Joe Panik 0-0: Ball
1-0: SINGLE (Flyball, 7S)
Steve Pearce to second
Batting: LHB Andrew Benintendi 0-0: Ball
1-0: Foul Ball, location: 2F
1-1: Foul Ball, location: 2F
1-2: 3-RUN HOME RUN (Flyball, 7D), Distance : 388 ft
Batting: RHB Marcell Ozuna 0-0: Ball
1-0: Foul Ball, location: 2F
1-1: Ball
2-1: Swinging Strike
2-2: Fly out, F8 (Flyball, 8LXD)
Batting: RHB Yulieski Gurriel 0-0: Called Strike
0-1: Foul Ball, location: 2F
0-2: Ball
1-2: Ball
2-2: DOUBLE (Groundball, 5L)
Pitching: RHP Carlos Estevez
Batting: LHB Yonder Alonso 0-0: Ball
1-0: Called Strike
1-1: Called Strike
1-2: Strikes out swinging
Top of the 5th over - 3 runs, 4 hits, 0 errors, 1 left on base; Washington 3 - Baltimore 2
BOTTOM OF THE 5TH
Baltimore Orioles batting - Pitching for Washington Nationals : RHP Yu Darvish
Batting: LHB Rafael Devers 0-0: Ground out 4-3 (Groundball, 4)
Batting: SHB Jorge Polanco 0-0: Ball
1-0: Swinging Strike
1-1: Swinging Strike
1-2: Ball
2-2: Ground out 4-3 (Groundball, 4)
Batting: LHB Derek Fisher 0-0: Called Strike
0-1: Foul Ball, location: 2F
0-2: Ball
1-2: Strikes out swinging
Bottom of the 5th over - 0 runs, 0 hits, 0 errors, 0 left on base; Washington 3 - Baltimore 2
TOP OF THE 6TH
Washington Nationals batting - Pitching for Baltimore Orioles : RHP Carlos Estevez
Batting: RHB Chris Taylor 0-0: Ball
1-0: Fly out, F3 (Popup, 3S)
Batting: RHB Tyler Flowers 0-0: Fly out, F1 (Line Drive, P)
Batting: RHB Steve Pearce 0-0: Foul Ball, location: 2F
0-1: Called Strike
0-2: Strikes out swinging
Top of the 6th over - 0 runs, 0 hits, 0 errors, 0 left on base; Washington 3 - Baltimore 2
BOTTOM OF THE 6TH
Baltimore Orioles batting - Pitching for Washington Nationals : RHP Yu Darvish
Batting: RHB Albert Almora 0-0: Ball
1-0: Called Strike
1-1: Foul Ball, location: 2F
1-2: Ball
2-2: Ball
3-2: Foul Ball, location: 2F
3-2: Base on Balls
Pitching: LHP Aaron Loup
Batting: SHB Chase Headley 0-0: Called Strike
0-1: Called Strike
0-2: Ball
1-2: Ball
2-2: Strikes out swinging
Batting: SHB Johan Camargo 0-0: Ball
1-0: Ball
2-0: Called Strike
2-1: Called Strike
2-2: Foul Ball, location: 2F
2-2: Ground out 5-3 (Groundball, 25)
Albert Almora to second
Batting: RHB Chris Stewart 0-0: Hit by Pitch
Batting: SHB Dexter Fowler 0-0: Ball
1-0: Called Strike
1-1: Ball
Wild Pitch!
Albert Almora to third
Chris Stewart to second
2-1: Ball
Wild Pitch!
Albert Almora scores
Chris Stewart to third
3-1: Base on Balls
Batting: LHB Nomar Mazara 0-0: SINGLE (Groundball, 4MD)
Chris Stewart scores
Dexter Fowler to second
Runner from 2nd tries for 3rd, SAFE, throw by CF made to third
Batting: LHB Rafael Devers 0-0: Called Strike
0-1: Ball
1-1: Called Strike
1-2: Strikes out looking
Bottom of the 6th over - 2 runs, 1 hit, 0 errors, 2 left on base; Washington 3 - Baltimore 4
TOP OF THE 7TH
Washington Nationals batting - Pitching for Baltimore Orioles : RHP Carlos Estevez
Pitching: RHP Joe Jimenez
Batting: SHB Aaron Hicks 0-0: Called Strike
0-1: Swinging Strike
0-2: Fly out, F8 (Flyball, 8RD)
Batting: LHB Joe Panik 0-0: Ball
1-0: Foul Ball, location: 2F
1-1: Ball
2-1: Fly out, F7 (Flyball, 7LS)
Batting: LHB Andrew Benintendi 0-0: SINGLE (Groundball, 4MD)
Batting: RHB Marcell Ozuna 0-0: Swinging Strike
0-1: Fielders Choice at 2nd, 6-4 (Groundball, 6)
Top of the 7th over - 0 runs, 1 hit, 0 errors, 1 left on base; Washington 3 - Baltimore 4
BOTTOM OF THE 7TH
Baltimore Orioles batting - Pitching for Washington Nationals : LHP Aaron Loup
Pitching: RHP Dominic Leone
Batting: SHB Jorge Polanco 0-0: Fly out, F8 (Flyball, 8RD)
Batting: LHB Derek Fisher 0-0: Ground out U3 (Groundball, 34S)
Batting: RHB Albert Almora 0-0: Ball
1-0: Called Strike
1-1: Swinging Strike
1-2: Ball
2-2: Foul Ball, location: 2F
2-2: Strikes out looking
Bottom of the 7th over - 0 runs, 0 hits, 0 errors, 0 left on base; Washington 3 - Baltimore 4
TOP OF THE 8TH
Washington Nationals batting - Pitching for Baltimore Orioles : RHP Joe Jimenez
Pitching: RHP Jimmie Sherfy
Batting: RHB Yulieski Gurriel 0-0: Called Strike
0-1: Ball
1-1: SINGLE (Line Drive, 8LS)
Pitching: RHP Pedro Strop
Batting: LHB Yonder Alonso 0-0: Ball
1-0: Ball
2-0: Foul Ball, location: 2F
2-1: Called Strike
2-2: Ball
3-2: Foul Ball, location: 2F
3-2: Base on Balls
Yulieski Gurriel to second
Pitching: LHP Justin Wilson
Batting: RHB Chris Taylor 0-0: Sac Bunt to 15 - play at first, batter OUT! 1-4
Yulieski Gurriel to third
Yonder Alonso to second
Pitching: RHP Brandon Morrow
Batting: RHB Tyler Flowers 0-0: Foul Ball, location: 2F
0-1: Swinging Strike
0-2: Ball
1-2: Ball
2-2: SINGLE (Groundball, 6MD)
Yulieski Gurriel scores
Yonder Alonso to third
Runner from 3rd tries for Home, SAFE, throw by CF to home
Batting: RHB Steve Pearce 0-0: Called Strike
0-1: Swinging Strike
0-2: Ball
1-2: Grounds into double play, 6-4-3 (Groundball, 6)
Top of the 8th over - 2 runs, 2 hits, 0 errors, 0 left on base; Washington 5 - Baltimore 4
BOTTOM OF THE 8TH
Baltimore Orioles batting - Pitching for Washington Nationals : RHP Dominic Leone
Batting: SHB Chase Headley 0-0: Called Strike
0-1: Called Strike
0-2: Ground out 1-3 (Groundball, 34S)
Batting: SHB Johan Camargo 0-0: Ball
1-0: Foul Ball, location: 2F
1-1: Ball
2-1: Ball
3-1: Called Strike
3-2: SINGLE (Groundball, 6MD)
Batting: RHB Chris Stewart 0-0: Grounds into double play, 6-4-3 (Groundball, 6)
Bottom of the 8th over - 0 runs, 1 hit, 0 errors, 0 left on base; Washington 5 - Baltimore 4
TOP OF THE 9TH
Washington Nationals batting - Pitching for Baltimore Orioles : RHP Brandon Morrow
Batting: SHB Aaron Hicks 0-0: Ball
1-0: Ball
2-0: Ball
3-0: Called Strike
3-1: Base on Balls
Batting: LHB Joe Panik 0-0: Called Strike
0-1: Called Strike
0-2: Foul Ball, location: 2F
Pickoff Throw to First - Error! E1
Aaron Hicks to second
0-2: Ball
1-2: DOUBLE (Line Drive, 5D)
Aaron Hicks scores
Batting: LHB Andrew Benintendi 0-0: Foul Ball, location: 2F
0-1: Called Strike
0-2: SINGLE (Groundball, 3D)
Joe Panik to third
Batting: RHB Marcell Ozuna 0-0: SINGLE (Groundball, 6MD)
Joe Panik scores
Andrew Benintendi to second
Runner from 2nd tries for 3rd, SAFE, no throw by CF
Batting: RHB Yulieski Gurriel 0-0: Ground out 4-3 (Groundball, 4)
Marcell Ozuna to second
Batting: LHB Yonder Alonso 0-0: Intentional Walk
Batting: RHB Chris Taylor 0-0: Ball
1-0: Ball
2-0: Ball
3-0: Called Strike
3-1: Called Strike
3-2: Base on Balls
Andrew Benintendi scores
Marcell Ozuna to third
Yonder Alonso to second
Batting: RHB Tyler Flowers 0-0: Swinging Strike
0-1: Ball
1-1: Swinging Strike
1-2: Ball
2-2: Strikes out swinging
Batting: RHB Steve Pearce 0-0: Called Strike
0-1: Ball
1-1: Ball
2-1: Ground out 4-3 (Groundball, 4S)
Top of the 9th over - 3 runs, 3 hits, 1 error, 3 left on base; Washington 8 - Baltimore 4
BOTTOM OF THE 9TH
Baltimore Orioles batting - Pitching for Washington Nationals : RHP Dominic Leone
Pitching: RHP Joakim Soria
Batting: SHB Dexter Fowler 0-0: Called Strike
0-1: Swinging Strike
0-2: Ball
1-2: Ball
2-2: Strikes out looking
Batting: LHB Nomar Mazara 0-0: Called Strike
0-1: Foul Ball, location: 2F
0-2: Ball
1-2: Ball
2-2: Ball
3-2: Base on Balls
Batting: LHB Rafael Devers 0-0: Called Strike
0-1: Ball
1-1: Ball
2-1: Foul Ball, location: 2F
2-2: Ball
3-2: Reached on error, E4 (Groundball, 34)
Nomar Mazara to second
Pitching: RHP Zack Burdi
Batting: SHB Jorge Polanco 0-0: Foul Ball, location: 2F
0-1: Ball
1-1: Foul Ball, location: 2F
1-2: Grounds into double play, U6-3 (Groundball, 4M)
Bottom of the 9th over - 0 runs, 0 hits, 1 error, 1 left on base; Washington 8 - Baltimore 4
Tuesday, July 24th, 2018 - OOTP Baseball 19.7 Build 59